[Event "SWE-ch"]
[Site "Orebro"]
[Date "2013.07.09"]
[Round "4"]
[White "Grandelius, Nils"]
[Black "Wiedenkeller, Michael"]
[Result "1-0"]
[ECO "C13"]
[WhiteElo "2573"]
[BlackElo "2475"]
[Annotator "Ziegler,A"]
[PlyCount "71"]
[EventDate "2013.07.06"]
[EventType "tourn"]
[EventRounds "9"]
[EventCountry "SWE"]
[EventCategory "10"]
[SourceTitle "CBM 155 Extra"]
[Source "ChessBase"]
[SourceDate "2013.08.26"]
[SourceVersion "1"]
[SourceVersionDate "2013.08.26"]
[SourceQuality "1"]
[TimeControl "6000+975"]
[WhiteClock "0:12:03"]
[BlackClock "0:03:45"]

1. e4 e6 2. d4 d5 3. Nc3 Nf6 (3... Bb4 {In the eighties Wiedenkeller was one
of our biggest connoseurs of the Winawer. It would have been very interesting
to see him play it against the biggest star of the new generation of
chessplayers in Sweden.}) 4. Bg5 dxe4 {I have never liked this move. Black has
no hopes for any kind of strategic advantage. It is only about neutralising
White. In case you like to play dxe4 against the French, then 3...dxe4 offers
somewhat more flexibility.} 5. Nxe4 Nbd7 (5... Be7 6. Bxf6 Bxf6 7. Nf3 {
Will most likely transpose.}) 6. Nf3 (6. Nxf6+ Nxf6 7. Nf3 h6 {gives Black an
easier task.}) 6... Be7 7. Nxf6+ Bxf6 (7... Nxf6 {gives Black a very passive
position. One of the most normal ideas is to play ...c5, and now it has to be
associated with Qa5xc5 when White takes it, otherwise the pinBg5-d8 will be
felt.} 8. Bd3 c5 9. dxc5 Qa5+ 10. c3 Qxc5 11. Qe2 $1 {White prepares castling
on the queen's side.} Bd7 12. Ne5 Bc6 13. O-O-O O-O 14. Rhe1 {
Mamedyarov-Makhar amedyarov-Makharadze, Batumi 2002. And here White is clearly
better because Black can not advance with his a- and b-pawns with facing
serious tactical problems.}) 8. h4 {White's position is slightly better. In a
practical sence perhaps better. Black's problem here is the bishop on c8. It
will take time to bring it into action. During this time White will be able to
develop his pieces freely in order to exploit the way Black chooses to
liberate the bishop.} a6 $6 {This move does not solve the problem described
above, so in essence this is a loss of time.} 9. Bd3 c5 10. Qe2 {A very
aggressive choice. White decides that his lead in development is massive
enough to compensate for a centre pawn.} ({A more traditional way of meeting
the ...c5 trust is:} 10. Bxf6 Nxf6 11. dxc5 Qa5+ 12. Qd2 Qxc5 13. O-O-O Bd7 14.
Rhe1 O-O 15. Ne5 {with a comfortable edge for White. (g2-g4 is coming...)})
10... cxd4 11. O-O-O {This concept of sacrificing the d4-pawn can also be seen
in a pure form in the instructive: Vaganian-Pogonina, 2011. That game was a
Queen's Gamit declined!} Nc5 (11... O-O 12. Nxd4 Bxg5+ 13. hxg5 Qxg5+ 14. Kb1
g6 15. Nf3 $1 {And white is about to invade on the Black squares.}) 12. Be4 (
12. Bc4 {gives Black the possibility to head for a more technical type of
position:} b5 13. Rxd4 Qe7 14. Bxf6 gxf6 (14... Qxf6 15. Bd5) 15. Bb3 e5 16.
Rd2 Nxb3+ 17. axb3 O-O {White is slightly better.}) 12... Bd7 (12... Qa5 {
with the idea of Queen side castling was Black's last hope:} 13. Kb1 Bd7 14.
Nxd4 Bxg5 15. hxg5 Nxe4 16. Qxe4 O-O-O {But as we can see White is
nevertheless on top.}) 13. Rxd4 Rc8 {Black is hoping to solve his problems by
tactical means. This is usually not a good recepy when your opponents pieces
have better coordination.} 14. Rhd1 Qa5 $2 15. Bxf6 Qxa2 (15... gxf6 16. Kb1
Bb5 (16... e5 17. Nxe5 fxe5 18. Bc6 bxc6 19. Qxe5+ Be6 20. Qxh8+)) 16. Bd5 Qa1+
17. Kd2 Qxb2 18. Bxg7 Rg8 {After 14...Qa5, this position was practically
forced. White is winning.} 19. Bf6 Nb3+ 20. Ke1 Rxc2 21. Qxc2 {Artistic} (21.
Qe5 Nxd4 22. Nxd4 Qc3+ 23. Kf1 Rc1 24. Qb8+ Qc8 25. Qxc8+ Rxc8 26. Bxb7 {
is also winning.}) 21... Qxc2 22. Bxb3 Qxb3 23. Rc1 {Very beatiful!} (23. Rxd7
Qb4+ 24. Ke2 Qb5+ 25. R7d3 {wins.}) 23... Qb6 {only move, but it gives White
the opportunity to win the queen back.} 24. Rxd7 Kxd7 25. Ne5+ Kd6 26. Nc4+ Kc6
27. Nxb6+ Kxb6 28. g3 {The bishop on f6 is a monster, displaying the one
diagonal principle. Helping White in the attack and stops the the Queen side
pawns from promoting.} a5 29. Kd2 h5 30. Kd3 Rg4 31. Bd4+ Ka6 32. Rc5 a4 33.
Rxh5 f5 34. Rh6 Re4 35. f3 Re1 36. Kd2 1-0